 Dungeon Crawl Stone Soup version 0.17.1-2-g5865329 (webtiles) character file.

388 Opium the Covered (level 6, -2/56 HPs)
             Began as a Hill Orc Fighter on Jan 18, 2016.
             Slain by a gnoll
             ... wielding a +0 halberd
              (3 damage)
             ... on level 3 of the Dungeon.
             The game lasted 00:11:54 (2271 turns).

Opium the Covered (Hill Orc Fighter)                Turns: 2271, Time: 00:11:54

Health: -2/56      AC: 13    Str: 20    XL:     6   Next: 79%
Magic:  6/6        EV:  4    Int:  8    God:
Gold:   164        SH:  9    Dex: 11    Spells: 0 memorised, 5 levels left

rFire  . . .     SeeInvis .     p - +1 hand axe (flame)
rCold  . . .     Clarity  .     s - +0 plate armour
rNeg   . . .     SustAt   .     c - +0 shield
rPois  .         Gourm    .     i - +0 helmet
rElec  .         Spirit   .     (no cloak)
rCorr  .         Warding  .     (no gloves)
rMut   .         Stasis   +     (no boots)
MR     .....                    l - amulet of stasis
Stlth  ..........               (no ring)
                                (no ring)

@: not resistant to hostile enchantments, extremely unstealthy
A: no striking features
a: no special abilities


You were on level 3 of the Dungeon.
You were hungry.

You visited 1 branch of the dungeon, and saw 3 of its levels.

You collected 164 gold pieces.

Inventory:

Hand Weapons
 a - a +0 war axe
 p - a +1 hand axe of flaming (weapon)
Armour
 b - a +0 scale mail
 c - a +0 shield (worn)
 i - a +0 helmet (worn)
 s - a +0 plate armour (worn)
Jewellery
 l - an amulet of stasis (around neck)
 n - an uncursed ring of wizardry {unknown}
Wands
 q - a wand of magic darts (15)
Scrolls
 g - a scroll of immolation
 m - 2 scrolls of remove curse {unknown}
 o - 3 scrolls of enchant weapon {unknown}
 r - 2 scrolls of identify
Potions
 h - 5 potions of curing
 j - a potion of flight {unknown}
 t - a potion of poison {unknown}
Comestibles
 d - 2 chunks of flesh
 e - 2 bread rations
 f - a meat ration
 k - a royal jelly


   Skills:
 * Level 5.0 Fighting
 * Level 5.1 Axes
 * Level 5.2 Armour
 + Level 1.2 Dodging
 + Level 4.4 Shields


You had 5 spell levels left.
You didn't know any spells.

Dungeon Overview and Level Annotations

Branches:
Dungeon (3/15)

Altars:
Zin


Message History

You block the gnoll's attack.
You hit the gnoll shaman. You burn the gnoll shaman.
The gnoll shaman is moderately wounded.
The gnoll hits you from afar with a halberd.
* * * LOW HITPOINT WARNING * * *
The gnoll shaman calls down the wrath of its god upon you.
You resist with some effort.
You hit the gnoll shaman. You burn the gnoll shaman.
The gnoll shaman is severely wounded.
The gnoll closely misses you.
The gnoll shaman hits you but does no damage.
You hit the gnoll shaman but do no damage.
The gnoll shaman is severely wounded.
You block the gnoll's attack. The gnoll shaman hits you with a whip.
* * * LOW HITPOINT WARNING * * *
The gnoll barely misses you.
You hit the gnoll shaman but do no damage.
The gnoll shaman is severely wounded.
The gnoll hits you from afar with a halberd.
You die...

......#.......♣...#
..................#
......[..........###
............g......#
.........g.g.g.###.#
..........##.### ##
...........#g### ..
............ggg###.#
.........#.#gggg@..#
.....#####...#g###.#
. .........# #
.......### ........
....#..# #####.>#
###


You could see a gnoll shaman and 8 gnolls.

Vanquished Creatures
  An orc priest (D:3)
  Ijyb (D:2)
  2 orc wizards (D:3)
  A hound (D:3)
  Terence (D:2)
  Natasha (thrice) (D:2)
  5 gnolls (D:3)
  4 adders
  3 oozes
  A worm (D:2)
  3 giant geckos
  10 orcs (D:3)
  6 bats
  8 giant cockroaches
  10 goblins
  5 hobgoblins
  8 jackals
  2 quokkas
  7 giant newts
  7 kobolds
  8 rats
96 creatures vanquished.

Notes
Turn   | Place    | Note
--------------------------------------------------------------
     0 | D:1      | Opium the Hill Orc Fighter began the quest for the Orb.
     0 | D:1      | Reached XP level 1. HP: 19/19 MP: 1/1
    87 | D:1      | Reached XP level 2. HP: 24/26 MP: 2/2
   238 | D:1      | Reached skill level 4 in Fighting
   243 | D:1      | Reached XP level 3. HP: 33/33 MP: 3/3
   484 | D:2      | Noticed Ijyb
   496 | D:2      | Killed Ijyb
   496 | D:2      | Reached XP level 4. HP: 30/41 MP: 4/4
   807 | D:2      | Noticed Terence
   818 | D:2      | Killed Terence
   821 | D:2      | Reached XP level 5. HP: 42/47 MP: 5/5
   983 | D:2      | Noticed Natasha
   989 | D:2      | Killed Natasha
  1069 | D:2      | Noticed Natasha
  1077 | D:2      | Killed Natasha
  1169 | D:2      | Noticed Natasha
  1177 | D:2      | Killed Natasha
  1432 | D:3      | Found a glowing silver altar of Zin.
  1470 | D:3      | Reached skill level 1 in Dodging
  1470 | D:3      | Reached XP level 6. HP: 47/55 MP: 6/6
  1739 | D:3      | Reached skill level 5 in Armour
  1742 | D:3      | HP: 2/55 [orc priest/nerve-wracking pain (12)]
  1743 | D:3      | Reached skill level 5 in Fighting
  2114 | D:3      | Reached skill level 5 in Axes
  2270 | D:3      | HP: 1/56 [gnoll shaman/whip (2)]
  2271 | D:3      | Slain by a gnoll

Action                   |  1- 3 |  4- 6 || total
-------------------------+-------+-------++-------
Melee: War axe           |    74 |   108 ||   182
       Hand axe          |       |    91 ||    91
  Use: Scroll            |       |     2 ||     2
       Potion            |       |     3 ||     3
  Eat: Chunk             |       |     4 ||     4
